[Event "22nd Ruzomberok Open 2019"]
[Site "Ruzomberok"]
[Date "2019.07.03"]
[Round "5.6"]
[White "Cech, Dominik"]
[Black "Pniaczek, Marek"]
[Result "1-0"]
[ECO "B01"]
[WhiteElo "2092"]
[BlackElo "2276"]
[Annotator "NA"]
[PlyCount "108"]
[EventDate "2019.06.29"]
[EventType "swiss"]
[EventCountry "SVK"]
[SourceTitle "playchess.com"]
[Source "ChessBase"]
[SourceQuality "1"]
[TimeControl "40/5400+30:1800+30"]

1. e4 d5 2. exd5 Qxd5 3. Nc3 Qa5 4. d4 Nf6 5. Nf3 c6 6. Ne5 Bf5 7. Bc4 e6 8. Qe2 Bb4 9. Bd2 Nbd7 10. Nxd7 Nxd7 11. O-O O-O-O 12. a3 Bxc3 13. Bxc3 Qc7 14. Rfd1 Nf6 15. h3 h5 16. Bd3 Rd5 17. Bb4 Rhd8 18. Bxf5 Rxf5 19. c4 g5 20. Qe3 h4 21. d5 exd5 22. Qxa7 Re8 23. Rac1 Re2 24. Ba5 Qb8 25. Qb6 Kd7 26. cxd5 Rxd5 27. Re1 Rxe1+ 28. Rxe1 Rb5 29. Qd4+ Qd6 30. Qa4 Re5 31. Rxe5 Qxe5 32. Bc3 Qd6 33. Qa7 Qd1+ 34. Kh2 Qd6+ 35. Kg1 Qd1+ 36. Kh2 Qd6+ 37. g3 hxg3+ 38. fxg3 Nd5 39. Qxb7+ Ke8 40. Qc8+ Ke7 41. Bg7 Qe6 42. Qxe6+ Kxe6 43. Kg2 f6 44. Bf8 Ne3+ 45. Kf3 Nc4 46. a4 Nxb2 47. a5 Nc4 48. a6 Nb6 49. a7 Kf5 50. Bc5 Na8 51. h4 gxh4 52. gxh4 Nc7 53. Bb6 Na8 54. Bd8 c5 {[%emt 0:00:26] Ke4+} 1-0

[Event "22nd Ruzomberok Open 2019"]
[Site "Ruzomberok"]
[Date "2019.07.03"]
[Round "5.7"]
[White "Viczencz, Peter"]
[Black "Sarkozy, Ladislav"]
[Result "1/2-1/2"]
[ECO "C50"]
[WhiteElo "2014"]
[BlackElo "2227"]
[Annotator "NA"]
[PlyCount "93"]
[EventDate "2019.06.29"]
[EventType "swiss"]
[EventCountry "SVK"]
[SourceTitle "playchess.com"]
[Source "ChessBase"]
[SourceQuality "1"]
[TimeControl "40/5400+30:1800+30"]

1. e4 e5 2. Nf3 Nc6 3. Bc4 Bc5 4. O-O Nf6 5. d3 d6 6. h3 h6 7. c3 a6 8. Re1 O-O 9. b4 Ba7 10. a4 Be6 11. Nbd2 Bxc4 12. Nxc4 Ne7 13. Be3 Bxe3 14. fxe3 Ng6 15. Qc2 Re8 16. Rad1 Qe7 17. Ncd2 Rad8 18. Nf1 d5 19. exd5 Nxd5 20. Ng3 Nh4 21. Nxh4 Qxh4 22. Kh2 Nf6 23. Nf5 Qg5 24. e4 g6 25. Ng3 Ng4+ 26. hxg4 Qh4+ 27. Kg1 Qxg3 28. Qe2 Re6 29. Qf3 Qxf3 30. gxf3 Rc6 31. d4 Rxc3 32. dxe5 Rxd1 33. Rxd1 Rxf3 34. Rd8+ Kg7 35. Rd7 Rf4 36. e6 Kf8 37. Rxc7 fxe6 38. Rxb7 Rxg4+ 39. Kf2 Rxe4 40. Kf3 Rc4 41. a5 Ke8 42. b5 Kd8 43. b6 Kc8 44. Ra7 Rc5 45. Rxa6 Rb5 46. Ra7 h5 47. Re7 1/2-1/2

[Event "22nd Ruzomberok Open 2019"]
[Site "Ruzomberok"]
[Date "2019.07.03"]
[Round "5.8"]
[White "Borsos, Bogdan"]
[Black "Bartek, Ladislav"]
[Result "1-0"]
[ECO "A05"]
[WhiteElo "2216"]
[BlackElo "2042"]
[Annotator "NA"]
[PlyCount "59"]
[EventDate "2019.06.29"]
[EventType "swiss"]
[EventCountry "SVK"]
[SourceTitle "playchess.com"]
[Source "ChessBase"]
[SourceQuality "1"]
[TimeControl "40/5400+30:1800+30"]

1. Nf3 Nf6 2. c4 g6 3. d4 Bg7 4. g3 O-O 5. Bg2 d6 6. O-O a6 7. h3 Nc6 8. Nc3 Rb8 9. Nd5 e6 10. Nxf6+ Bxf6 11. Bh6 Bg7 12. Bxg7 Kxg7 13. d5 Ne7 14. Qd2 e5 15. c5 f5 16. Rfd1 e4 17. cxd6 Qxd6 18. Qd4+ Qf6 19. Ne5 Rd8 20. Qa7 Qxe5 21. Qxb8 Nxd5 22. Rac1 Kf6 23. Rxc7 Nxc7 24. Rxd8 Be6 25. Qxb7 Bd5 26. Qb6+ Ne6 27. e3 Kg5 28. Rd7 Bc4 29. Rxh7 Qd5 30. Qa7 1-0

[Event "22nd Ruzomberok Open 2019"]
[Site "Ruzomberok"]
[Date "2019.07.03"]
[Round "5.9"]
[White "Bombek, Peter"]
[Black "Palider, Pavol"]
[Result "1/2-1/2"]
[ECO "D85"]
[WhiteElo "2159"]
[BlackElo "2026"]
[Annotator "NA"]
[PlyCount "80"]
[EventDate "2019.06.29"]
[EventType "swiss"]
[EventCountry "SVK"]
[SourceTitle "playchess.com"]
[Source "ChessBase"]
[SourceQuality "1"]
[TimeControl "40/5400+30:1800+30"]

1. d4 Nf6 2. c4 g6 3. Nc3 d5 4. cxd5 Nxd5 5. Bd2 Bg7 6. e4 Nxc3 7. Bxc3 O-O 8. Bc4 c5 9. d5 Bxc3+ 10. bxc3 Nd7 11. Nf3 Qc7 12. O-O Ne5 13. Nxe5 Qxe5 14. Qd3 Qd6 15. f4 b6 16. Rae1 Qc7 17. Re3 a6 18. a4 Bd7 19. f5 Qe5 20. Rg3 b5 21. axb5 axb5 22. Bxb5 Bxb5 23. Qxb5 Qxe4 24. Qxc5 Rac8 25. Qe3 Qxd5 26. Qxe7 Qc5+ 27. Qxc5 Rxc5 28. fxg6 hxg6 29. Rgf3 Kg7 30. Rd1 Rc7 31. Rd6 Ra8 32. h4 Ra3 33. Rdf6 Kg8 34. Kh2 Ra4 35. Kh3 Re4 36. g3 Ra4 37. R6f4 Rxf4 38. gxf4 Kg7 39. Rd3 Kh6 40. f5 gxf5 1/2-1/2

[Event "22nd Ruzomberok Open 2019"]
[Site "Ruzomberok"]
[Date "2019.07.03"]
[Round "5.10"]
[White "Zahradnik, Vladimir"]
[Black "Mrvova, Alena"]
[Result "1/2-1/2"]
[ECO "A48"]
[WhiteElo "1862"]
[BlackElo "2153"]
[Annotator "NA"]
[PlyCount "57"]
[EventDate "2019.06.29"]
[EventType "swiss"]
[EventCountry "SVK"]
[SourceTitle "playchess.com"]
[Source "ChessBase"]
[SourceQuality "1"]
[TimeControl "40/5400+30:1800+30"]

1. d4 Nf6 2. Nf3 g6 3. c4 Bg7 4. Nc3 d5 5. cxd5 Nxd5 6. Qa4+ c6 7. e4 Nb6 8. Qd1 Bg4 9. Be3 O-O 10. h3 Bxf3 11. gxf3 N8d7 12. f4 e6 13. h4 h5 14. Qd2 Nf6 15. f3 Qe7 16. a3 Nbd7 17. Kf2 Rfd8 18. Bd3 Ne8 19. e5 Nc7 20. Rag1 c5 21. Ne4 cxd4 22. Bxd4 Ne8 23. Qe3 b6 24. Rc1 Rac8 25. Kg3 Bh6 26. Rxc8 Rxc8 27. Rc1 Rxc1 28. Qxc1 Nf8 29. Qc3 1/2-1/2

[Event "22nd Ruzomberok Open 2019"]
[Site "Ruzomberok"]
[Date "2019.07.03"]
[Round "5.12"]
[White "Orvisky, Vladimir"]
[Black "Kukan, Michal"]
[Result "0-1"]
[ECO "A18"]
[WhiteElo "1719"]
[BlackElo "1698"]
[Annotator "NA"]
[PlyCount "88"]
[EventDate "2019.06.29"]
[EventType "swiss"]
[EventCountry "SVK"]
[SourceTitle "playchess.com"]
[Source "ChessBase"]
[SourceQuality "1"]
[TimeControl "40/5400+30:1800+30"]

1. c4 e6 2. Nc3 Nf6 3. e4 d5 4. e5 Nfd7 5. d4 dxc4 6. Bxc4 Nb6 7. Be2 Bd7 8. Nf3 h6 9. O-O Be7 10. Be3 Bc6 11. a4 Nd5 12. Bd2 a6 13. Rc1 Nd7 14. a5 Nb4 15. Na4 Be4 16. Qb3 Nd5 17. Rfe1 O-O 18. Qxb7 Nc3 19. Qb3 Nxe2+ 20. Rxe2 Bd5 21. Qc3 c6 22. Qd3 Rb8 23. Qxa6 Bb4 24. Nc3 Bxf3 25. gxf3 Bxa5 26. Ne4 Bxd2 27. Rxd2 Rb6 28. Qa4 f5 29. exf6 Nxf6 30. Nc5 Qd5 31. Qc4 Qg5+ 32. Kf1 Qxd2 33. Rc2 Qd1+ 34. Kg2 Nd5 35. Nxe6 Qxf3+ 36. Kg1 Qg4+ 37. Kh1 Qxe6 38. Re2 Qh3 39. Kg1 Rf6 40. Re3 Rg6+ 41. Rg3 Rxg3+ 42. hxg3 Rxb2 43. Qd3 Nc3 44. Qc4+ Kh8 0-1

[Event "22nd Ruzomberok Open 2019"]
[Site "Ruzomberok"]
[Date "2019.07.03"]
[Round "5.14"]
[White "Stanko, Ivan"]
[Black "Baleja, Marian"]
[Result "1/2-1/2"]
[ECO "B22"]
[WhiteElo "1859"]
[BlackElo "1951"]
[Annotator "NA"]
[PlyCount "45"]
[EventDate "2019.06.29"]
[EventType "swiss"]
[EventCountry "SVK"]
[SourceTitle "playchess.com"]
[Source "ChessBase"]
[SourceQuality "1"]
[TimeControl "40/5400+30:1800+30"]

1. e4 c5 2. c3 g6 3. Nf3 Bg7 4. d4 cxd4 5. cxd4 d5 6. e5 Nh6 7. Bb5+ Bd7 8. Qb3 a6 9. Bd3 Bc6 10. Nc3 O-O 11. O-O e6 12. Bg5 Qa5 13. Rac1 Nd7 14. Qd1 Kh8 15. Qd2 Ng8 16. h4 f6 17. exf6 Ndxf6 18. Qe2 Rae8 19. Ne5 Ne7 20. Qd2 Qb6 21. Bb1 Nf5 22. Bxf5 exf5 23. Bh6 1/2-1/2

[Event "22nd Ruzomberok Open 2019"]
[Site "Ruzomberok"]
[Date "2019.07.03"]
[Round "5.15"]
[White "Taragel, Marian"]
[Black "Janik, Miroslav"]
[Result "0-1"]
[ECO "C02"]
[WhiteElo "1636"]
[BlackElo "1889"]
[Annotator "NA"]
[PlyCount "66"]
[EventDate "2019.06.29"]
[EventType "swiss"]
[EventCountry "SVK"]
[SourceTitle "playchess.com"]
[Source "ChessBase"]
[SourceQuality "1"]
[TimeControl "40/5400+30:1800+30"]

1. e4 e6 2. d4 d5 3. e5 c5 4. c3 Nc6 5. Nf3 Qb6 6. a3 cxd4 7. cxd4 Bd7 8. Nc3 a5 9. Na4 Qd8 10. b3 f6 11. exf6 Nxf6 12. Bf4 Ne4 13. Qc1 Rc8 14. Qe3 Bxa3 15. Rxa3 Nb4 16. Bd3 Rc1+ 17. Qxc1 Nxd3+ 18. Ke2 Nxc1+ 19. Rxc1 Qe7 20. Ra2 Bb5+ 21. Ke3 O-O 22. Rc7 Qb4 23. Rb2 Bxa4 24. Be5 Nf6 25. h3 Bc6 26. Ng5 Qc3+ 27. Kf4 Qxb2 28. Nxe6 Qxf2+ 29. Kg5 Ne4+ 30. Kh5 Qf5+ 31. Kh4 g5+ 32. Kh5 Be8+ 33. Kh6 Qg6# 0-1

[Event "22nd Ruzomberok Open 2019"]
[Site "Ruzomberok"]
[Date "2019.07.03"]
[Round "5.16"]
[White "Balogh, Peter"]
[Black "Kapicakova, Lucia"]
[Result "1/2-1/2"]
[ECO "B10"]
[WhiteElo "2037"]
[BlackElo "1776"]
[Annotator "NA"]
[PlyCount "51"]
[EventDate "2019.06.29"]
[EventType "swiss"]
[EventCountry "SVK"]
[SourceTitle "playchess.com"]
[Source "ChessBase"]
[SourceQuality "1"]
[TimeControl "40/5400+30:1800+30"]

1. e4 c6 2. Nf3 d5 3. exd5 cxd5 4. Ne5 Nc6 5. d4 Nxe5 6. dxe5 e6 7. Bd3 g6 8. Qe2 Bg7 9. Nc3 a6 10. h4 h5 11. Bf4 Ne7 12. O-O-O b5 13. g4 Nc6 14. Rdg1 Bh6 15. Bxh6 Rxh6 16. gxh5 Rxh5 17. Rxg6 Rxh4 18. Rg8+ Ke7 19. Rhg1 Qc7 20. Re1 Bb7 21. Rxa8 Bxa8 22. Qe3 Rh8 23. Qf4 Rh5 24. Qf6+ Kf8 25. f4 Qe7 26. Qxe7+ 1/2-1/2

[Event "22nd Ruzomberok Open 2019"]
[Site "Ruzomberok"]
[Date "2019.07.03"]
[Round "5.17"]
[White "Zentko, Ladislav"]
[Black "Bemak, Mikhail"]
[Result "0-1"]
[ECO "A34"]
[WhiteElo "1732"]
[BlackElo "2102"]
[Annotator "NA"]
[PlyCount "78"]
[EventDate "2019.06.29"]
[EventType "swiss"]
[EventCountry "SVK"]
[SourceTitle "playchess.com"]
[Source "ChessBase"]
[SourceQuality "1"]
[TimeControl "40/5400+30:1800+30"]

1. Nf3 c5 2. c4 Nf6 3. Nc3 d5 4. cxd5 Nxd5 5. d3 Nc6 6. g3 e5 7. Bg2 Nc7 8. O-O Be7 9. Be3 O-O 10. Rc1 Qd7 11. Na4 b6 12. b4 e4 13. dxe4 Qxd1 14. Rfxd1 Nxb4 15. a3 Nc6 16. Nxc5 bxc5 17. Bxc5 Ne6 18. Bxe7 Nxe7 19. Ne5 Rd8 20. Rxd8+ Nxd8 21. Rc7 Kf8 22. Nd7+ Bxd7 23. Rxd7 Ndc6 24. f4 Ke8 25. Rd6 Rb8 26. e5 Rb6 27. e6 fxe6 28. Rxe6 Kd7 29. Bh3 Kc7 30. f5 Rb3 31. f6 gxf6 32. Rxf6 Rxa3 33. Rf7 h5 34. Bg2 Re3 35. Bf3 Re5 36. Rh7 a5 37. Bxh5 a4 38. Bg4 a3 39. Rf7 Rf5 0-1

[Event "22nd Ruzomberok Open 2019"]
[Site "Ruzomberok"]
[Date "2019.07.03"]
[Round "5.18"]
[White "Korenova, Simona"]
[Black "Hrnciar, Roman"]
[Result "0-1"]
[ECO "A81"]
[WhiteElo "1764"]
[BlackElo "2096"]
[Annotator "NA"]
[PlyCount "94"]
[EventDate "2019.06.29"]
[EventType "swiss"]
[EventCountry "SVK"]
[SourceTitle "playchess.com"]
[Source "ChessBase"]
[SourceQuality "1"]
[TimeControl "40/5400+30:1800+30"]

1. d4 f5 2. g3 e6 3. Bg2 Nf6 4. Nf3 Be7 5. O-O O-O 6. c4 c6 7. Nc3 d5 8. b3 Ne4 9. Bb2 Nd7 10. Rc1 Bd6 11. e3 b6 12. Ne2 Bb7 13. Ne5 Nxe5 14. dxe5 Be7 15. f3 Ng5 16. Nf4 Bc5 17. Bd4 Qe7 18. Qc2 Rfe8 19. Qf2 Ba3 20. Rc2 dxc4 21. bxc4 c5 22. Ba1 Rad8 23. h4 Nf7 24. Bh3 Nh6 25. Nh5 Rd7 26. g4 fxg4 27. fxg4 Be4 28. Rd2 Rxd2 29. Qxd2 Qxh4 30. Qd7 Qe7 31. Rd1 Nf7 32. Bg2 Bxg2 33. Kxg2 Kf8 34. Qd3 Qg5 35. Qe2 Rd8 36. Rf1 Kg8 37. Nf4 Qe7 38. Qc2 Qb7+ 39. Kg3 Ng5 40. Qa4 Bb4 41. Bb2 Qe4 42. Qb3 Be1+ 43. Rxe1 Qf3+ 44. Kh4 Qf2+ 45. Kxg5 h6+ 46. Kg6 Qh4 47. Nxe6 Qxg4+ 0-1

[Event "22nd Ruzomberok Open 2019"]
[Site "Ruzomberok"]
[Date "2019.07.03"]
[Round "5.19"]
[White "Bakalar, Jan"]
[Black "Mc Aleenan, Charles"]
[Result "1/2-1/2"]
[ECO "A01"]
[WhiteElo "1969"]
[BlackElo "1746"]
[Annotator "NA"]
[PlyCount "59"]
[EventDate "2019.06.29"]
[EventType "swiss"]
[EventCountry "SVK"]
[SourceTitle "playchess.com"]
[Source "ChessBase"]
[SourceQuality "1"]
[TimeControl "40/5400+30:1800+30"]

1. b3 d5 2. Bb2 Nf6 3. f4 g6 4. Nf3 Bg7 5. g3 O-O 6. Bg2 c5 7. O-O Nc6 8. e3 b6 9. Re1 Bb7 10. d3 Qc7 11. Nbd2 Rad8 12. a3 Qc8 13. h3 Qa8 14. Qe2 Rfe8 15. g4 Ba6 16. c4 Bb7 17. e4 dxe4 18. dxe4 Nd4 19. Nxd4 cxd4 20. e5 d3 21. Qf2 Nd7 22. b4 Nb8 23. g5 Na6 24. Rad1 Nc7 25. Bxb7 Qxb7 26. Ne4 Qc8 27. Kh2 Qf5 28. Ng3 Qe6 29. Re4 Qc6 30. Qe3 1/2-1/2

[Event "22nd Ruzomberok Open 2019"]
[Site "Ruzomberok"]
[Date "2019.07.03"]
[Round "5.20"]
[White "Koloditsova, Renata"]
[Black "Verba, Vladimir"]
[Result "1/2-1/2"]
[ECO "A61"]
[WhiteElo "1903"]
[BlackElo "1708"]
[Annotator "NA"]
[PlyCount "115"]
[EventDate "2019.06.29"]
[EventType "swiss"]
[EventCountry "SVK"]
[SourceTitle "playchess.com"]
[Source "ChessBase"]
[SourceQuality "1"]
[TimeControl "40/5400+30:1800+30"]

1. d4 Nf6 2. c4 c5 3. d5 e6 4. Nc3 exd5 5. cxd5 d6 6. Nf3 g6 7. Bf4 Bg7 8. h3 O-O 9. e3 a6 10. a4 b6 11. Nd2 Bb7 12. Nc4 Ne8 13. Be2 Qc7 14. O-O Nd7 15. Qb3 Rb8 16. Rfd1 Bc8 17. Ne4 Ne5 18. Nxe5 dxe5 19. Bh2 Nd6 20. Nxd6 Qxd6 21. Rac1 b5 22. axb5 axb5 23. Qa3 b4 24. Qa5 Bf5 25. Rxc5 Qb6 26. Qxb6 Rxb6 27. g4 Rc8 28. Rdc1 Rxc5 29. Rxc5 Bd7 30. b3 h5 31. e4 f5 32. gxf5 gxf5 33. exf5 Bxf5 34. Bxh5 Bxh3 35. Ra5 Rh6 36. Be8 Kf8 37. Ra8 Ke7 38. f4 e4 39. Ra7+ Kf8 40. Ra8 Bd4+ 41. Kh1 Ke7 42. Bb5 Rg6 43. d6+ Rxd6 44. f5 Rd5 45. Re8+ Kf6 46. Rxe4 Bxf5 47. Rh4 Bf2 48. Rxb4 Rxb5 49. Rf4 Be3 50. Ra4 Rxb3 51. Bc7 Rb1+ 52. Kg2 Rb3 53. Bd6 Ke6 54. Bf8 Kd5 55. Ra3 Be4+ 56. Kf1 Bd3+ 57. Kg2 Be4+ 58. Kf1 1/2-1/2

[Event "22nd Ruzomberok Open 2019"]
[Site "Ruzomberok"]
[Date "2019.07.03"]
[Round "5.21"]
[White "Taragelova, Martina"]
[Black "Pecho, Juraj"]
[Result "1-0"]
[ECO "B07"]
[WhiteElo "1719"]
[BlackElo "1900"]
[Annotator "NA"]
[PlyCount "89"]
[EventDate "2019.06.29"]
[EventType "swiss"]
[EventCountry "SVK"]
[SourceTitle "playchess.com"]
[Source "ChessBase"]
[SourceQuality "1"]
[TimeControl "40/5400+30:1800+30"]

1. e4 d6 2. d4 Nf6 3. Nc3 Nbd7 4. g4 h6 5. h3 e5 6. Bg2 c6 7. Nge2 Be7 8. Ng3 g6 9. O-O Qc7 10. Nce2 b5 11. a4 a6 12. f4 h5 13. g5 Nh7 14. h4 exf4 15. Nxf4 Bb7 16. axb5 axb5 17. Rxa8+ Bxa8 18. Qf3 Bxg5 19. Nxg6 fxg6 20. Qf7+ Kd8 21. Bxg5+ Nxg5 22. Qxg6 Nh7 23. Qg7 Rf8 24. Qxh7 Rxf1+ 25. Kxf1 Nf8 26. Qxh5 Qa7 27. Qg5+ Ke8 28. Nf5 Qc7 29. Qf6 Qd8 30. Nxd6+ Kd7 31. Qf7+ Qe7 32. Qxe7+ Kxe7 33. Nf5+ Kf6 34. Kf2 Bb7 35. Nd6 Ba6 36. e5+ Ke6 37. Bxc6 b4 38. Bb5 Bxb5 39. Nxb5 Kd5 40. Ke3 Ne6 41. c3 bxc3 42. Nxc3+ Kc4 43. d5 Ng7 44. Kf4 Kd4 45. d6 {[%emt 0:02:02] Kd5} 1-0

[Event "22nd Ruzomberok Open 2019"]
[Site "Ruzomberok"]
[Date "2019.07.03"]
[Round "5.22"]
[White "Horbal, Jozef"]
[Black "Karcol, Jan"]
[Result "1/2-1/2"]
[ECO "B08"]
[WhiteElo "1660"]
[BlackElo "1882"]
[Annotator "NA"]
[PlyCount "47"]
[EventDate "2019.06.29"]
[EventType "swiss"]
[EventCountry "SVK"]
[SourceTitle "playchess.com"]
[Source "ChessBase"]
[SourceQuality "1"]
[TimeControl "40/5400+30:1800+30"]

1. d4 d6 2. e4 Nf6 3. Nc3 g6 4. h3 Bg7 5. Nf3 O-O 6. Be3 Nbd7 7. a4 c6 8. Qd2 Re8 9. Rd1 Qa5 10. Be2 b6 11. O-O Ba6 12. Bxa6 Qxa6 13. Rfe1 Rad8 14. Nh2 Qc8 15. f3 h5 16. Qf2 c5 17. f4 cxd4 18. Bxd4 e5 19. Be3 exf4 20. Bxf4 Ne5 21. Bg5 Re6 22. Nd5 Qc5 23. Qxc5 bxc5 24. Nxf6+ {Bf8} 1/2-1/2

[Event "22nd Ruzomberok Open 2019"]
[Site "Ruzomberok"]
[Date "2019.07.03"]
[Round "5.23"]
[White "Marsina, Stefan"]
[Black "Galbavy, Dusan"]
[Result "1-0"]
[ECO "A90"]
[WhiteElo "1857"]
[BlackElo "1678"]
[Annotator "NA"]
[PlyCount "63"]
[EventDate "2019.06.29"]
[EventType "swiss"]
[EventCountry "SVK"]
[SourceTitle "playchess.com"]
[Source "ChessBase"]
[SourceQuality "1"]
[TimeControl "40/5400+30:1800+30"]

1. d4 e6 2. c4 f5 3. g3 Nf6 4. Bg2 d6 5. Nf3 g6 6. Nc3 Bg7 7. Bg5 O-O 8. e4 fxe4 9. Nxe4 Nbd7 10. O-O Qe8 11. Nc3 a6 12. Re1 Qf7 13. Qd2 Nb6 14. b3 Ng4 15. Bf4 e5 16. dxe5 dxe5 17. Nxe5 Bxe5 18. Bxe5 Nxf2 19. c5 Bh3 20. Bf4 Bxg2 21. Kxg2 Nd7 22. Qxf2 g5 23. Be3 Qh5 24. Qe2 g4 25. Qc4+ Rf7 26. Bf4 Kg7 27. Nd5 c6 28. Qd4+ Nf6 29. Nxf6 Rxf6 30. Be5 Raf8 31. Rf1 Qh3+ 32. Kg1 1-0

[Event "22nd Ruzomberok Open 2019"]
[Site "Ruzomberok"]
[Date "2019.07.03"]
[Round "5.25"]
[White "Cernekova, Martina"]
[Black "Tomanek, Rafael"]
[Result "0-1"]
[ECO "D59"]
[WhiteElo "1659"]
[BlackElo "1880"]
[Annotator "NA"]
[PlyCount "112"]
[EventDate "2019.06.29"]
[EventType "swiss"]
[EventCountry "SVK"]
[SourceTitle "playchess.com"]
[Source "ChessBase"]
[SourceQuality "1"]
[TimeControl "40/5400+30:1800+30"]

1. d4 d5 2. c4 e6 3. Nc3 Nf6 4. Bg5 Be7 5. e3 O-O 6. Nf3 h6 7. Bh4 b6 8. cxd5 Nxd5 9. Nxd5 exd5 10. Bxe7 Qxe7 11. Bd3 Be6 12. O-O c5 13. b3 Nd7 14. Rc1 Nf6 15. Ne5 Rfc8 16. Ba6 Rc7 17. f3 Rd8 18. Bb5 Bd7 19. Bxd7 Nxd7 20. f4 f6 21. Ng4 c4 22. Rf3 b5 23. Rg3 Kf8 24. Qc2 Qe4 25. Qxe4 dxe4 26. b4 Nb6 27. Nf2 f5 28. Nd1 Nd5 29. a3 Kf7 30. Nc3 Nxc3 31. Rxc3 a5 32. bxa5 Ra8 33. h4 h5 34. Rh3 Rxa5 35. Kf2 Rca7 36. Rh1 Rxa3 37. Rxa3 Rxa3 38. Rb1 Rb3 39. Ra1 c3 40. Ra7+ Ke6 41. Ke2 Rb2+ 42. Kd1 Rxg2 43. Rb7 Rb2 44. Rxg7 b4 45. Rc7 Rd2+ 46. Kc1 Rd3 47. Rb7 Rxe3 48. Rxb4 Rf3 49. Kc2 Rxf4 50. Kxc3 Rxh4 51. Rb6+ Kf7 52. d5 e3 53. Kd3 Re4 54. Ke2 f4 55. Rh6 f3+ 56. Ke1 Rh4 0-1

[Event "22nd Ruzomberok Open 2019"]
[Site "Ruzomberok"]
[Date "2019.07.03"]
[Round "5.26"]
[White "Cabanova, Kristina"]
[Black "Mikulec, Martin"]
[Result "0-1"]
[ECO "A46"]
[WhiteElo "1728"]
[BlackElo "1875"]
[Annotator "NA"]
[PlyCount "120"]
[EventDate "2019.06.29"]
[EventType "swiss"]
[EventCountry "SVK"]
[SourceTitle "playchess.com"]
[Source "ChessBase"]
[SourceQuality "1"]
[TimeControl "40/5400+30:1800+30"]

1. d4 Nf6 2. Nf3 e6 3. Bf4 b6 4. e3 Bb7 5. Nbd2 c5 6. c3 Nc6 7. h3 Be7 8. Bd3 O-O 9. O-O d5 10. Re1 h6 11. Rc1 Rc8 12. Ne5 Nxe5 13. Bxe5 Ne8 14. Nf3 f6 15. Bh2 Bd6 16. Bc2 Bxh2+ 17. Nxh2 f5 18. Nf3 Nf6 19. Ne5 Nd7 20. Ng6 Rf6 21. Nf4 Qe8 22. Bb1 g5 23. Nd3 c4 24. Ne5 Nxe5 25. dxe5 Rf8 26. Bc2 Qf7 27. f4 Qg7 28. Qd2 Kh8 29. Bd1 Rg8 30. Rc2 Rcd8 31. Qd4 Qg6 32. Kf1 Rg7 33. Rf2 Rdg8 34. Ke2 gxf4 35. exf4 Qg3 36. Kd2 Qxf2+ 37. Qxf2 Rxg2 38. Qxg2 Rxg2+ 39. Re2 Rg3 40. Re3 Rg2+ 41. Re2 Rg8 42. Ba4 Rd8 43. Ke3 a6 44. Re1 b5 45. Bd1 Rg8 46. Kf2 d4 47. Rg1 Rd8 48. cxd4 Rxd4 49. Ke1 Re4+ 50. Kd2 Rxf4 51. Rg6 Bd5 52. Rxh6+ Kg7 53. Rh5 Rf2+ 54. Kc3 Bf3 55. Bxf3 Rxf3+ 56. Kd4 Rd3+ 57. Kc5 Rd5+ 58. Kb6 Rxe5 59. Rg5+ Kf6 60. Rg2 f4 0-1

[Event "22nd Ruzomberok Open 2019"]
[Site "Ruzomberok"]
[Date "2019.07.03"]
[Round "5.27"]
[White "Malinovsky, Jozef"]
[Black "Profant, Jan"]
[Result "0-1"]
[ECO "B27"]
[WhiteElo "1715"]
[BlackElo "1871"]
[Annotator "NA"]
[PlyCount "122"]
[EventDate "2019.06.29"]
[EventType "swiss"]
[EventCountry "SVK"]
[SourceTitle "playchess.com"]
[Source "ChessBase"]
[SourceQuality "1"]
[TimeControl "40/5400+30:1800+30"]

1. e4 c5 2. Nf3 g6 3. Nc3 Bg7 4. d4 cxd4 5. Nxd4 Nc6 6. Be3 Nf6 7. f3 h5 8. Qd2 d6 9. O-O-O Nxd4 10. Bxd4 Bh6 11. Be3 Bxe3 12. Qxe3 Qa5 13. Bb5+ Bd7 14. Bxd7+ Nxd7 15. Rd5 Qb6 16. Qe2 Rc8 17. Rhd1 Ne5 18. Qb5+ Rc6 19. Qxb6 Rxb6 20. Rb5 Rxb5 21. Nxb5 a6 22. Nc7+ Kd7 23. Nd5 e6 24. Nb4 g5 25. Nd3 Nc4 26. Re1 Rc8 27. Re2 b5 28. b3 Nb6 29. Rd2 a5 30. h3 Ke7 31. Nf2 d5 32. Rd4 e5 33. Rd3 d4 34. g3 Nd7 35. Kb2 Nc5 36. Rd2 b4 37. a3 Ke6 38. axb4 axb4 39. Rd1 Ra8 40. g4 hxg4 41. hxg4 Rh8 42. Rh1 Rh4 43. Kc1 Kd6 44. Kd1 Ne6 45. Rxh4 gxh4 46. Ke1 Nf4 47. Kf1 Ke6 48. Kg1 Kf6 49. Kh2 Kg5 50. Kh1 h3 51. Kg1 Kh4 52. Kh2 f6 53. Nd3 Nxd3 54. cxd3 Kg5 55. Kxh3 Kf4 56. Kg2 Ke3 57. Kg3 Kxd3 58. g5 fxg5 59. Kg4 Ke3 60. Kxg5 d3 61. f4 d2 0-1

[Event "22nd Ruzomberok Open 2019"]
[Site "Ruzomberok"]
[Date "2019.07.03"]
[Round "5.28"]
[White "Ucekajova, Veronika"]
[Black "Polko, Pavol"]
[Result "1-0"]
[ECO "B28"]
[WhiteElo "1836"]
[BlackElo "1638"]
[Annotator "NA"]
[PlyCount "71"]
[EventDate "2019.06.29"]
[EventType "swiss"]
[EventCountry "SVK"]
[SourceTitle "playchess.com"]
[Source "ChessBase"]
[SourceQuality "1"]
[TimeControl "40/5400+30:1800+30"]

1. e4 c5 2. Nf3 a6 3. c3 e6 4. d4 cxd4 5. cxd4 Bb4+ 6. Nc3 h6 7. Bd3 b5 8. O-O Bxc3 9. bxc3 Bb7 10. Re1 d6 11. a4 bxa4 12. Qxa4+ Bc6 13. Qb3 Ne7 14. d5 exd5 15. exd5 Bd7 16. Qb7 O-O 17. Qxa8 Qc7 18. Bxa6 Qxc3 19. Bd2 Qf6 20. Qa7 Nxd5 21. Bc4 Bc6 22. Qd4 Nd7 23. Bxd5 Bxd5 24. Qxd5 Rd8 25. Ra8 Rxa8 26. Qxa8+ Kh7 27. Qe4+ g6 28. Qe7 Qf5 29. Qxd6 Nc5 30. Qf8 Ne6 31. Qxh6+ Kg8 32. Ra1 Qe4 33. Bc3 f6 34. Bxf6 Kf7 35. Qh8 Qb7 36. Ne5# 1-0

[Event "22nd Ruzomberok Open 2019"]
[Site "Ruzomberok"]
[Date "2019.07.03"]
[Round "5.29"]
[White "Staffen, Robert"]
[Black "Mocary, Metod"]
[Result "0-1"]
[ECO "B08"]
[WhiteElo "1683"]
[BlackElo "1830"]
[Annotator "NA"]
[PlyCount "144"]
[EventDate "2019.06.29"]
[EventType "swiss"]
[EventCountry "SVK"]
[SourceTitle "playchess.com"]
[Source "ChessBase"]
[SourceQuality "1"]
[TimeControl "40/5400+30:1800+30"]

1. e4 d6 2. d4 Nf6 3. Nc3 g6 4. Nf3 Bg7 5. h3 O-O 6. Bd3 c6 7. a4 Nbd7 8. O-O e5 9. dxe5 Nxe5 10. Nxe5 dxe5 11. Qf3 h6 12. Bc4 Kh7 13. Rd1 Qe7 14. Be3 Be6 15. Bd3 Nh5 16. Ne2 Nf6 17. Ng3 b6 18. b3 Rfd8 19. Bc1 Nd7 20. Ba3 Qf6 21. Qe3 Bf8 22. b4 Qf4 23. Qe2 c5 24. Bc1 Qh4 25. Qf3 Qf6 26. Qxf6 Nxf6 27. Bb2 Nd7 28. b5 f6 29. c4 a5 30. Rd2 Be7 31. Rad1 Nf8 32. Nf1 g5 33. Ne3 Ng6 34. Nd5 Rd6 35. Bc2 Rad8 36. Bc3 Bxd5 37. exd5 Kg7 38. g3 Nh8 39. Bf5 Nf7 40. Kg2 Rh8 41. Rh1 Rdd8 42. h4 Nd6 43. Bc2 Nxc4 44. Rdd1 Nd6 45. Kf3 Rdg8 46. hxg5 hxg5 47. Kg4 Rxh1 48. Rxh1 Rh8 49. Rxh8 Kxh8 50. f4 gxf4 51. gxf4 exf4 52. Kxf4 Kg7 53. Bd3 Kf7 54. Be2 Bd8 55. Ba1 Bc7 56. Kf3 Ke7 57. Bb2 Nf7 58. Ke4 Be5 59. Bc1 Nd6+ 60. Kf3 Nf5 61. Ke4 Ng3+ 62. Kf3 Nxe2 63. Kxe2 Kd6 64. Kd3 Kxd5 65. Ba3 f5 66. Bc1 c4+ 67. Ke2 Ke4 68. Bg5 c3 69. Bh6 f4 70. Ke1 Bd4 71. Ke2 Be3 72. Kd1 Kd3 0-1